 Dungeon Crawl Stone Soup version 0.30.1-4-g462c640d31 (webtiles) character file.

Game seed: 333993750965205201

2699 boopmooplesden the Cruncher (level 9, -3/55 HPs)
             Began as a Gargoyle Gladiator on Aug 14, 2023.
             Was a Priest of Okawaru.
             Slain by a kobold brigand
             ... wielding a +0 short sword
              (4 damage)
             ... on level 8 of the Dungeon.
             The game lasted 00:08:24 (5811 turns).

boopmooplesden the Cruncher (Gargoyle Gladiator)    Turns: 5811, Time: 00:08:25

Health: -3/55      AC: 17    Str: 20    XL:     9   Next: 65%
Magic:  9/9        EV: 11    Int:  9    God:    Okawaru [***...]
Gold:   350        SH:  0    Dex: 13    Spells: 8/8 levels left

rFire   . . .        h - +4 lajatang (elec)
rCold   . . .        (shield currently unavailable)
rNeg    + . .        l - +0 scale mail
rPois   ∞            c - +0 helmet
rElec   +            (no cloak)
rCorr   .            n - +0 pair of gloves
SInv    .            A - +0 pair of boots
Will    .....        (no amulet)
Stlth   +            f - ring of flight
HPRegen 0.29/turn    (no ring)
MPRegen 0.11/turn

%: no passive effects
@: about to teleport, flying
A: sickness immunity, AC +6, negative energy resistance 1, electricity
resistance, torment resistance 1, petrification resistance
a: Renounce Religion, Heroism


You were on level 8 of the Dungeon.
You worshipped Okawaru.
Okawaru was most pleased with you.
You visited 1 branch of the dungeon, and saw 8 of its levels.

You collected 350 gold pieces.

Inventory:

Hand Weapons
 a - a +1 spectral quarterstaff
 h - a +4 lajatang of electrocution (weapon)
Missiles
 d - 4 throwing nets (quivered)
 e - a javelin
Armour
 b - a +0 leather armour
 c - a +0 helmet (worn)
 l - a +0 scale mail (worn)
 n - a +0 pair of gloves (worn)
 A - a +0 pair of boots (worn)
Jewellery
 f - a ring of flight (left hand)
Wands
 s - a wand of flame (7)
 v - a wand of paralysis (16)
Scrolls
 k - a scroll of immolation
 t - a scroll of fog
Potions
 g - 2 potions of invisibility
 i - 2 potions of might {unknown}
 j - a potion of magic {unknown}
 m - a potion of haste {unknown}
 o - 3 potions of flight
 r - 2 potions of lignification {unknown}
 u - a potion of berserk rage
 w - a potion of cancellation {unknown}
 x - 2 potions of curing {unknown}


   Skills:
 + Level 5.9 Fighting
 + Level 9.5 Staves
 + Level 1.9 Throwing
 + Level 6.1 Armour
 + Level 4.4 Dodging
 + Level 2.2 Stealth


You had 8 spell levels left.
You didn't know any spells.
Your spell library contained the following spells:

 Spells                   Type           Power      Damage    Failure   Level
 Kiss of Death            Conj/Necr      0%         2d5       71%         1
 Confusing Touch          Hex            0%         N/A       97%         3
 Frozen Ramparts          Ice            0%         1d1       97%         3
 Ignite Poison            Fire/Tmut/Pois 0%         N/A       97%         3
 Dispel Undead            Necr           0%         3d6       100%        4
 Ice Form                 Ice/Tmut       0%         N/A       100%        4


Dungeon Overview and Level Annotations

Branches:
Dungeon (8/15)             Temple (0/1) D:4
   Lair: D:8-11

Altars:
Okawaru
Qazlal
Sif Muna
Vehumet
Wu Jian
Xom

Shops:
D:1 (


Innate Abilities, Weirdness & Mutations

You are immune to sickness and miasma.
Your stone body is resilient. (AC +6)
You are immune to poison.
You resist negative energy. (rN+)
You are resistant to electric shocks. (rElec)
You are resistant to unholy torment.
You are immune to petrification.


Message History

The killer bee stings you but does no damage.
The killer bee barely misses you. The killer bee stings you.
The killer bee stings you but does no damage.
You miss the killer bee.
A wolf comes into view.
The killer bee barely misses you.
The killer bee stings you but does no damage. x2
The killer bee stings you. The killer bee barely misses you.
The kobold brigand misses you. The black bear misses you.
The black bear closely misses you.
The black bear claws you but does no damage.
As you read the scroll labelled BAEVOPPOGUNI, it crumbles to dust.
You feel aware of your surroundings.
You sensed 2 altars, and 1 shop/portal.
It was a scroll of magic mapping.
The killer bee closely misses you. x2
The killer bee stings you but does no damage.
The killer bee barely misses you. The killer bee stings you!
A wolf comes into view.
The killer bee stings you.
* * * LOW HITPOINT WARNING * * *
The killer bee stings you but does no damage.
The killer bee barely misses you. The killer bee misses you.
The killer bee stings you but does no damage.
The kobold brigand hits you with a +0 short sword!
* * * LOW HITPOINT WARNING * * *
The black bear barely misses you. x3
As you read the scroll labelled WIARAM WUSADWO, it crumbles to dust.
You feel strangely unstable.
It was a scroll of teleportation.
The killer bee stings you but does no damage.
The killer bee closely misses you.
The killer bee stings you but does no damage. x2
The killer bee stings you.
* * * LOW HITPOINT WARNING * * *
The killer bee barely misses you. The killer bee completely misses you.
The killer bee stings you.
* * * LOW HITPOINT WARNING * * *
The killer bee stings you but does no damage.
The killer bee stings you.
* * * LOW HITPOINT WARNING * * *
The kobold brigand hits you with a +0 short sword.
You die...

**,,,,,**,,,,**,,,,,>,,,*****
**,,,,.##[...#*,,,,,,,,,**,,*
*,<,,,,......#*,,,,,**,,,,,,,
*,,,,,>,.....##,,,,,**,,,,,,,
**,,,,,*#$....,,,,,,+,,,,,,,,
********#.....,,,,,,*,,,,,,,,
*,,,,,,*#....#*######*,,**,,,
*,,,,..##..yy##.....#*,,**,,,
*,,,,..h..yy@h.......,,,,*,,,
*,,,,....h.yyK.......,,,,*,,,
*,,,,................,,,,*,,,
*******####..######+###*,***,,*
*,,***,,.####******,,***,***,,*
*,,,*,,,.#...,,,,*,,,,*,,,,,,,+
*,,,+,,..#§§,_,~,*,,,,*,,,,,,,*
****,,*,,..#.§,,,~,*,,,,*,,,,,,,*
,,**,,*,,,,*,~~~~~,***,**,,**,,,*


You could see a black bear, a kobold brigand, 2 wolves and 6 killer bees.

Vanquished Creatures
  Grinder (D:6)
  A wyvern (D:7)
  2 water moccasins
  An ice beast (D:4)
  2 black bears (D:6)
  3 sky beasts
  2 ogres
  A phantom (D:7)
  2 bullfrogs
  A scorpion (D:4)
  5 wights (D:7)
  4 killer bees (D:7)
  2 howler monkeys
  2 jellies
  3 hounds
  3 orc priests
  3 sleepcaps
  3 iguanas
  3 orc wizards
  Robin (D:4)
  6 adders
  2 shadow imps
  An ufetubus (D:7)
  2 worms
  5 dart slugs
  25 orcs
  5 bats
  7 endoplasms
  2 giant cockroaches (D:4)
  12 goblins
  7 hobgoblins
  6 jackals
  2 kobolds
  4 quokkas (D:2)
  5 ball pythons
  4 frilled lizards
  2 rats
142 creatures vanquished.

Notes
Turn   | Place    | Note
-------+----------+-------------------------------------------
     0 | D:1      | boopmooplesden the Gargoyle Gladiator began the quest for
                  | the Orb.
     0 | D:1      | Reached XP level 1. HP: 12/12 MP: 1/1
   269 | D:1      | Found Naotuner's Antique Weapon Shoppe.
   602 | D:1      | Reached XP level 2. HP: 18/18 MP: 2/2
  1113 | D:2      | Reached XP level 3. HP: 22/22 MP: 3/3
  1227 | D:2      | Reached skill level 1 in Armour
  1408 | D:2      | You fall into a shaft and drop 1 floor!
  1416 | D:3      | Reached XP level 4. HP: 21/27 MP: 4/4
  1658 | D:3      | Found a faded altar of an unknown god.
  1754 | D:3      | Reached skill level 4 in Staves
  1800 | D:3      | Found a radiant altar of Vehumet.
  1814 | D:3      | Reached XP level 5. HP: 16/32 MP: 5/5
  1935 | D:3      | Found an ornate altar of the Wu Jian Council.
  2895 | D:4      | Noticed an ogre
  2902 | D:4      | Killed an ogre
  2903 | D:4      | Reached XP level 6. HP: 37/37 MP: 6/6
  2921 | D:4      | Reached skill level 5 in Staves
  3019 | D:4      | Noticed Robin
  3029 | D:4      | Killed Robin
  3168 | D:4      | Reached skill level 1 in Stealth
  3324 | D:4      | Noticed an ice beast
  3342 | D:4      | Killed an ice beast
  3367 | D:4      | Reached XP level 7. HP: 26/41 MP: 7/7
  3626 | D:4      | Found a staircase to the Ecumenical Temple.
  3897 | D:4      | Identified a scroll of acquirement
  3897 | D:4      | Acquired a +4 lajatang of electrocution
  3938 | D:5      | Entered Level 5 of the Dungeon
  3987 | D:5      | Found an iron altar of Okawaru.
  3996 | D:5      | Became a worshipper of Warmaster Okawaru
  4040 | D:5      | Reached skill level 6 in Staves
  4546 | D:5      | Reached * piety under Okawaru
  4547 | D:5      | Reached XP level 8. HP: 45/48 MP: 8/8
  4889 | D:6      | Reached skill level 7 in Staves
  5022 | D:6      | Got Riucipp's Meditations on Rime and the Black Widow
  5123 | D:6      | Noticed Grinder
  5129 | D:6      | Killed Grinder
  5129 | D:6      | Reached ** piety under Okawaru
  5130 | D:6      | Reached skill level 8 in Staves
  5133 | D:6      | Found a stormy altar of Qazlal.
  5134 | D:6      | Found a shimmering altar of Xom.
  5236 | D:6      | Reached skill level 5 in Fighting
  5277 | D:6      | Reached skill level 5 in Armour
  5357 | D:6      | Found a shimmering blue altar of Sif Muna.
  5485 | D:7      | Reached XP level 9. HP: 49/54 MP: 9/9
  5723 | D:7      | Reached *** piety under Okawaru
  5724 | D:7      | Reached skill level 9 in Staves
  5811 | D:8      | HP: 1/55 [killer bee (5)]
  5811 | D:8      | Slain by a kobold brigand

Illustrated notes

Levels and vault maps discovered:
D:1:      dpeg_arrival_boxorama, layout_loops_corners, serial_shops,
          nicolae_shop_advertising_works [nicolae_subvault_shop_adworks]
D:2:      kennysheep_six_static_rooms, layout_basic, minmay_vboxes
D:3:      layout_basic, mainiacjoe_overflow_boulevard, vehumet_altar_wand_db,
          shapermc_ecumenical_altar_acropolis, amcnicky_mini_corridor_feature
D:4:      layout_loops_ring, minmay_temple_entry_fiery, minmay_strange_pillars,
          uniq_robin
D:5:      layout_gridville, okawaru_gym_becter, serial_co_window_serial,
          co_window_paths_a, co_window_paths_a, co_window_corner_a,
          co_window_paths_a, co_window_paths_a, co_window_paths_a,
          co_window_corner_a, co_window_broadway_a, co_window_2corner,
          co_window_cross_4, co_window_of_opportunity_c,
          co_window_of_opportunity_c, co_window_unsneaky_path_a,
          co_window_2corner, chequers_arboretum
D:6:      layout_rooms, lemuel_blue_sif_altar, gammafunk_temple_overflow_statue,
          uniq_grinder
D:7:      layout_cave_pools, mainiacjoe_overflow_six_doors_small,
          hellmonk_no_cap
D:8:      layout_gridville, kiku_gazebo_garden_becter,
          mainiacjoe_overflow_alcove_4, serial_shops, shop, uniq_grum,
          uniq_amaemon

Skill      XL: |  1  2  3  4  5  6  7  8  9 |
---------------+----------------------------+-----
Armour         | 1 2 3 5 6 |  6.1
Staves         | 4 5 6 8 9 |  9.5
Dodging        | 3 4 |  4.4
Fighting       | 3 4 5 |  5.9
Stealth        | 1 2 |  2.2
Throwing       | |  1.9

Action                     |  1- 3 |  4- 6 |  7- 9 || total
---------------------------+-------+-------+-------++-------
  Melee: Quarterstaff      |    82 |   161 |    16 ||   259
         Lajatang          |       |       |   182 ||   182
  Throw: Throwing net      |       |     1 |       ||     1
    Use: Scroll            |     1 |     3 |     9 ||    13
         Potion            |       |       |     2 ||     2
   Stab: Held in net/web   |       |     2 |       ||     2
 Armour: Leather armour    |    42 |       |       ||    42
         Scale mail        |     3 |    91 |   215 ||   309
  Dodge: Dodged            |    68 |    80 |   165 ||   313
